 Dungeon Crawl Stone Soup version 0.27.1-34-g3ba077fa99 (webtiles) character file.

Game seed: 8624859764070368611

90 DildoBatman the Conjurer (level 4, 0/30 HPs)
             Began as a Formicid Conjurer on Jan 16, 2022.
             Killed from afar by a wretched star (9 damage)
             ... with a lance of force
             ... on level 1 of the Abyss.
             The game lasted 00:05:42 (2116 turns).

DildoBatman the Conjurer (Formicid Conjurer)        Turns: 2116, Time: 00:05:43

Health: 0/30       AC:  1    Str:  9      XL:     4   Next: 85%
Magic:  7/7        EV: 12    Int: 17 (18) God:
Gold:   68         SH:  0    Dex: 10      Spells: 4/7 levels left

rFire    + . .     SeeInvis +   a - +0 hunting sling
rCold    . . .     Faith    .   (no shield)
rNeg     . . .     Spirit   .   e - +0 robe
rPois    .         Reflect  .   (helmet unavailable)
rElec    .         Harm     .   (no cloak)
rCorr    .         Rampage  .   (no gloves)
Will     .....                  (no boots)
Stlth    ++........             (no amulet)
HPRegen  0.10/turn              (no ring)
MPRegen  0.10/turn              (no ring)

@: unable to read
A: permanent stasis, dig shafts and tunnels, antennae 3, four strong arms,
deterioration 1, fire resistance 1, weak 1, [deformed body], [inability to read
while threatened]
a: Dig, Shaft Self


You were on level 1 of the Abyss.
You visited 1 branch of the dungeon, and saw 2 of its levels.
You visited the Abyss 1 time.

You collected 68 gold pieces.

Inventory:

Hand Weapons
 a - a +0 hunting sling (weapon)
Missiles
 d - 24 bolts
 f - 31 stones (quivered ammo)
 i - 21 arrows
 k - 8 poisoned darts
Armour
 e - a +0 robe (worn)
Scrolls
 b - a scroll of amnesia {unknown}
 c - 4 scrolls of enchant weapon {unknown}
 g - a scroll of identify {unknown}
 h - a scroll of immolation
Potions
 j - a potion of invisibility {unknown}


   Skills:
 - Level 1.7 Dodging
 - Level 2.4 Stealth
 - Level 2.1 Spellcasting
 * Level 5.3 Conjurations


You had 4 spell levels left.
You knew the following spells:

 Your Spells              Type           Power      Damage    Failure   Level
a - Searing Ray           Conj           40%        3d4       3%          2
c - Magic Dart            Conj           80%        1d7       2%          1

Your spell library contained the following spells:

 Spells                   Type           Power      Damage    Failure   Level
 Dazzling Flash           Conj/Hex       20%        N/A       19%         3
 Fulminant Prism          Conj/Hex       5%         3d7       54%         4
 Iskenderun's Mystic Bla  Conj/Tloc      10%        2d4       54%         4


Dungeon Overview and Level Annotations

Branches:
Dungeon (2/15)

Altars:
Xom


Innate Abilities, Weirdness & Mutations

You cannot be hasted, slowed, berserked, paralysed or teleported.
You can dig through walls and to a lower floor.
You have a pair of large antennae on your head. (SInv)
Your four strong arms can wield two-handed weapons with a shield.
Your body sometimes deteriorates upon taking damage.
Your flesh is heat resistant. (rF+)
You are weak. (Str -2)
[Armour fits poorly on your strangely shaped body.]
[You sometimes lose the ability to read scrolls when taking damage.]


Message History

f - 30 stones (gained 1)
f - 31 stones (gained 1) Key pressed, stopping explore.
You start resting.
Magic restored. "You have grown too comfortable in your little world, mortal!"
To return, you must find a gate leading back.
Killing monsters will force the Abyss to allow you passage.
This branch contains the abyssal rune of Zot.
Beware, you cannot shaft yourself on this level.
You sense a monster nearby.
No target in view!
Unknown command.
Unknown command.
Found a quarterstaff.
You open the door.
Found 9 poisoned darts.
Found a scroll labelled ERIUTA OWNOASIAVI.
There is an open door here.
A large abomination comes into view.
There is an open door here.
As you close the door, it creaks loudly!
A wretched star comes into view.
The wretched star pulses with an eldritch light!
You lose the ability to read scrolls when threatened.
Your body twists and deforms.
The wretched star glows turbulently.
The lance of force hits you!
You are knocked back by the lance of force.
A smoke demon comes into view.
Found 18 stones.
The smoke demon gestures at you. Something smites you!
You feel threatened and lose the ability to read scrolls!
Your body deteriorates!
You feel dopey.
The wretched star glows turbulently.
The lance of force hits you!
You die...
Xom cackles wildly!

#. . ####.# .# # . .
...####.####.##
#..#..#.......#....#
.####.#. ##...#.#.#
. ...##. ##... ..#.#
# ....#.#.*###....ยง
# .#.##.....###....#
#.....#.#..#...#...#
..##.#. #.#@# .##.
.. # .
.#..3#.......# #..
....#....###### .
.....##....# #..##
.#(#.# #.. .#..##.
.. # #.. ## #..


You could see a wretched star.

Vanquished Creatures
  4 gnolls (D:2)
  A dart slug (D:1)
  6 ball pythons
  6 bats
  2 endoplasms (D:1)
  4 goblins
  2 hobgoblins
  6 jackals
  3 kobolds
  2 quokkas
  4 frilled lizards
  7 rats
47 creatures vanquished.

Notes
Turn   | Place    | Note
-------+----------+-------------------------------------------
     0 | D:1      | DildoBatman the Formicid Conjurer began the quest for the
                  | Orb.
     0 | D:1      | Reached XP level 1. HP: 13/13 MP: 3/3
   502 | D:1      | Reached skill level 4 in Conjurations
   502 | D:1      | Reached XP level 2. HP: 19/19 MP: 1/5
   505 | D:1      | Learned a level 2 spell: Searing Ray
   778 | D:1      | Reached XP level 3. HP: 24/24 MP: 3/6
   951 | D:1      | Found a faded altar of an unknown god.
  1445 | D:1      | Became a worshipper of Xom of Chaos
  1446 | D:1      | Fell from the grace of Xom
  1646 | D:2      | XOM: give mutations
  1646 | D:2      | Gained mutation: Your flesh is heat resistant. (rF+) [Xom's
                  | mischief]
  1646 | D:2      | Gained mutation: You are weak. (Str -2) [Xom's mischief]
  1646 | D:2      | Gained mutation: Your body sometimes deteriorates upon
                  | taking damage. [Xom's mischief]
  1673 | D:2      | XOM: stat loss: -2 Int (15/17)
  1829 | D:2      | Reached skill level 5 in Conjurations
  1829 | D:2      | Reached XP level 4. HP: 30/30 MP: 2/7
  2056 | D:2      | Cast into level 1 of the Abyss (Xom)
  2083 | Abyss:1  | Noticed a large abomination
  2096 | Abyss:1  | Noticed a wretched star
  2112 | Abyss:1  | Noticed a smoke demon
  2116 | Abyss:1  | Killed from afar by a wretched star

Illustrated notes

Levels and vault maps discovered:
D:1:      saegor_arrival_simple_a, layout_basic,
          hellmonk_ecumenical_altar_blasted, minivault_27
D:2:      layout_loops_corners, minmay_pentomino_x2
Abyss:1:  base: Temple, gammafunk_corrupted_shrine

Skill      XL: |  1  2  3 |
---------------+----------+-----
Conjurations   | 4 5 |  5.3
Dodging        | |  1.7
Stealth        | |  2.4
Spellcasting   | |  2.1

Action                   |  1- 3 |  4- 6 || total
-------------------------+-------+-------++-------
Melee: Unarmed           |    43 |       ||    43
 Fire: Hunting sling     |    13 |     4 ||    17
 Cast: Magic Dart        |    40 |       ||    40
       Searing Ray       |     9 |     2 ||    11
Invok: Renounce Religion |     1 |       ||     1
 Abil: Dig               |    10 |     1 ||    11
Armor: Robe              |    20 |     2 ||    22
Dodge: Dodged            |    62 |     4 ||    66
